 Dungeon Crawl Stone Soup version 0.28.0-1-gb440e238dd (webtiles) character file.

Game seed: 9531745665055813434

391 fknight the Chopper (level 6, -1/54 (56) HPs)
             Began as a Hill Orc Monk on Feb 27, 2022.
             Slain by a gnoll sergeant (9 damage)
             ... on level 4 of the Dungeon.
             The game lasted 00:11:12 (4392 turns).

fknight the Chopper (Hill Orc Monk)                 Turns: 4392, Time: 00:11:12

HP:   -1/54 (56)    AC:  7    Str: 16    XL:     6   Next: 80%
MP:   6/6           EV: 14    Int: 10    God:
Gold: 126           SH:  0    Dex: 13    Spells: 5/5 levels left

rFire   . . .      SeeInvis +   a - +0 hand axe
rCold   . . .      Faith    .   (no shield)
rNeg    . . .      Spirit   .   z - +0 scale mail
rPois   .          Reflect  .   v - +0 helmet
rElec   .          Harm     .   (no cloak)
rCorr   .          Rampage  .   (no gloves)
Will    .....                   (no boots)
Stlth   +.........              (no amulet)
HPRegen 0.18/turn               g - +4 ring of evasion
MPRegen 0.10/turn               q - ring of see invisible

@: lightly drained
A: no striking features
a: no special abilities


You were on level 4 of the Dungeon.
You visited 1 branch of the dungeon, and saw 4 of its levels.

You collected 126 gold pieces.

Inventory:

Hand Weapons
 a - a +0 hand axe (weapon)
 b - a +0 hunting sling
 k - a +0 halberd
 r - a +0 halberd
 u - a +0 spear
 A - a +0 flail of draining
Missiles
 d - 227 stones
 f - 3 boomerangs
 l - 12 sling bullets
 p - a poisoned dart (quivered)
Armour
 h - a +0 leather armour
 v - a +0 helmet (worn)
 w - a +0 animal skin
 z - a +0 scale mail (worn)
Jewellery
 g - a +4 ring of evasion (left hand)
 i - a ring of wizardry
 m - a ring of ice
 q - a ring of see invisible (right hand)
Wands
 s - a wand of flame (26)
Scrolls
 e - 2 scrolls of teleportation
 x - a scroll of identify
 y - a scroll of vulnerability {unknown}
Potions
 c - a potion of curing {unknown}
 j - a potion of brilliance {unknown}
 n - 2 potions of magic {unknown}
 o - a potion of mutation {unknown}
 t - a potion of flight {unknown}


   Skills:
 + Level 5.4 Fighting
 + Level 5.9 Axes
 + Level 3.7 Dodging
 + Level 3.4 Stealth


You had 5 spell levels left.
You didn't know any spells.
Your spell library contained the following spells:

 Spells                   Type           Power      Damage    Failure   Level
 Sting                    Tmut/Pois      0%         1d3       82%         1
 Poisonous Vapours        Pois/Air       0%         N/A       91%         2
 Olgreb's Toxic Radiance  Pois           0%         N/A       100%        4


Dungeon Overview and Level Annotations

Branches:
Dungeon (4/15)
 Temple: D:4-7

Altars:


Message History

A gnoll comes into view. It is wielding a +0 spear.
You rip the net and break free!
The gnoll shouts!
The gnoll sergeant hits you from afar with a +2 spear of flaming.
The gnoll sergeant burns you.
A gnoll comes into view. It is wielding a +0 halberd.
The gnoll sergeant looks more healthy.
Okay, then.
The gnoll sergeant barely misses you.
You hit the gnoll sergeant but do no damage.
The gnoll sergeant is moderately wounded.
The gnoll sergeant hits you with a +2 spear of flaming.
The gnoll sergeant burns you.
You closely miss the gnoll sergeant.
The gnoll sergeant is moderately wounded.
The gnoll sergeant hits you with a +2 spear of flaming!
The gnoll sergeant burns you.
You closely miss the gnoll sergeant.
The gnoll sergeant is moderately wounded.
The gnoll sergeant hits you with a +2 spear of flaming!
* * * LOW HITPOINT WARNING * * *
The gnoll sergeant burns you.
* * * LOW HITPOINT WARNING * * *
You hit the gnoll sergeant.
The gnoll sergeant is moderately wounded.
The gnoll sergeant misses you.
You hit the gnoll sergeant but do no damage.
You punch the gnoll sergeant, but do no damage.
The gnoll sergeant is moderately wounded.
The gnoll sergeant closely misses you.
You hit the gnoll sergeant.
The gnoll sergeant is heavily wounded.
The gnoll sergeant misses you. The gnoll sergeant blocks your attack.
The gnoll sergeant is heavily wounded.
The gnoll sergeant hits you but does no damage.
You hit the gnoll sergeant but do no damage.
The gnoll sergeant is heavily wounded.
The gnoll sergeant hits you with a +2 spear of flaming!
You die...

###### #....# ###....#
#......# #.#....###
############.#g...+.#####
........@ggg.#....#......
##############g#.........
#...#.........
######.#.##.#.####.
...................
#######g####.#####.
##[####.......
#.....#.......
#.....#.......


You could see a gnoll sergeant and 2 gnolls.

Vanquished Creatures
  Edmund (D:4)
  An ogre (D:4)
  Robin (D:4)
  7 adders
  4 gnolls (D:3)
  2 worms
  3 dart slugs
  An orc (D:3)
  4 ball pythons
  6 endoplasms
  6 giant cockroaches
  17 goblins
  6 hobgoblins
  10 jackals
  A quokka (D:1)
  3 bats
  8 kobolds
  5 rats
86 creatures vanquished.

Notes
Turn   | Place    | Note
-------+----------+-------------------------------------------
     0 | D:1      | fknight the Hill Orc Monk began the quest for the Orb.
     0 | D:1      | Reached XP level 1. HP: 19/19 MP: 1/1
   159 | D:1      | Found a faded altar of an unknown god.
   264 | D:1      | Reached XP level 2. HP: 14/27 MP: 2/2
  1200 | D:2      | Reached XP level 3. HP: 32/33 MP: 3/3
  1791 | D:2      | Reached XP level 4. HP: 35/40 MP: 4/4
  2788 | D:3      | Reached skill level 5 in Axes
  3015 | D:3      | Reached XP level 5. HP: 47/47 MP: 5/5
  3538 | D:4      | Noticed an ogre
  3551 | D:4      | Killed an ogre
  3552 | D:4      | Reached skill level 5 in Fighting
  3552 | D:4      | Reached XP level 6. HP: 30/56 MP: 6/6
  3973 | D:4      | Noticed Robin
  4046 | D:4      | Killed Robin
  4326 | D:4      | Noticed Edmund
  4347 | D:4      | Killed Edmund
  4392 | D:4      | Slain by a gnoll sergeant

Illustrated notes

Levels and vault maps discovered:
D:1:      ncdulo_smallfort, layout_basic, chequers_ecumenical_altar_simple_redux
D:2:      layout_loops_ring
D:3:      layout_loops_ring
D:4:      kennysheep_goblin_castle, layout_basic, minmay_circle_x, uniq_edmund

Skill      XL: |  1  2  3  4  5 |
---------------+----------------+-----
Stealth        | 2 3 |  3.4
Fighting       | 4 5 |  5.4
Dodging        | 3 |  3.7
Axes           | 5 |  5.9

Action                   |  1- 3 |  4- 6 || total
-------------------------+-------+-------++-------
Melee: Hand axe          |   115 |   213 ||   328
       Punch             |     1 |     3 ||     4
Throw: Stone             |     8 |     8 ||    16
       Dart              |       |     5 ||     5
       Boomerang         |       |    13 ||    13
       Throwing net      |       |     1 ||     1
  Use: Scroll            |       |     4 ||     4
       Potion            |       |     1 ||     1
 Stab: Sleeping          |       |     3 ||     3
       Distracted        |       |     1 ||     1
       Invisible         |       |     5 ||     5
Armor: Robe              |     5 |       ||     5
       Leather armour    |    13 |    20 ||    33
       Scale mail        |       |     8 ||     8
Dodge: Dodged            |    89 |   166 ||   255
